 Dungeon Crawl Stone Soup version 0.15.0-31-geb66e34 (console) character file.

166 gw the Cudgeler (level 5, -2/49 HPs)
             Began as a Deep Dwarf Gladiator on Sept 13, 2014.
             Slain by a gnoll
             ... wielding a +0 halberd
              (5 damage)
             ... on Level 3 of the Dungeon.
             The game lasted 00:01:43 (1374 turns).

gw the Cudgeler (Deep Dwarf Gladiator)              Turns: 1374, Time: 00:01:43

HP  -2/49        AC 10     Str 19      XL: 5   Next: 22%
MP   1/1         EV  7     Int  8      God:
Gold 0           SH  0     Dex 14      Spells:  0 memorised,  4 levels left

rFire  . . .     SeeInvis .     a - +0 flail
rCold  . . .     Clarity  .     l - +0 chain mail
rNeg   . . .     rCorr    .     (no shield)
rPois  .         rRot     .     c - +0 helmet
rElec  .         Spirit   .     (no cloak)
SustAb .         Warding  .     (no gloves)
rMut   .         Stasis   .     (no boots)
Gourm  .                        r - amulet of faith
MR     .....                    (no ring)
                                (no ring)

@: non-regenerating, glowing, not resistant to hostile enchantments, extremely
unstealthy
A: damage resistance, recharge devices, sense surroundings 1, slow healing 3
a: Device Recharging


You were on level 3 of the Dungeon.
You were not hungry.

You visited 1 branch of the dungeon, and saw 3 of its levels.

Inventory:

Hand weapons
 a - a +0 flail (weapon)
Missiles
 d - 3 throwing nets
Armour
 c - a +0 helmet (worn)
 l - a +0 chain mail (worn)
Magical devices
 e - a wand of heal wounds (4)
 o - a wand of random effects (8)
Comestibles
 f - a bread ration
 h - 2 meat rations
 m - a beef jerky
Scrolls
 b - a scroll of amnesia
 g - a scroll of noise
 k - 2 scrolls of identify
 n - a scroll of enchant weapon {unknown}
Jewellery
 r - an amulet of faith (around neck)
Potions
 j - a potion of curing


   Skills:
 + Level 3.0 Fighting
 * Level 4.5 Maces & Flails
 - Level 1.7 Throwing
 + Level 2.6 Armour
 - Level 3.2 Dodging


You had 4 spell levels left.
You didn't know any spells.

Dungeon Overview and Level Annotations

Branches:
Dungeon (3/15)

Altars:


Innate Abilities, Weirdness & Mutations

You are resistant to damage.
You can recharge devices by infusing magical energy.
You passively map a small area around you.
You do not heal naturally.


Message History

The gnoll hits you from afar with a spear.
The gnoll hits you but does no damage.
The gnoll shaman calls down the wrath of its god upon you.
You are outlined in light.
The gnoll hits you from afar with a halberd!
The gnoll hits you but does no damage. The gnoll hits you with a spear.
The gnoll hits you but does no damage.
The gnoll sergeant hits you but does no damage.
The gnoll shaman barely misses you.
Use which ability? (? or * to list) Charge which item? (? for menu, Esc to quit)
Choose an item to recharge, or Esc to abort.
Charge which item? (? for menu, Esc to quit)
Your wand of heal wounds (0) glows for a moment and now has 4 charges.
The gnoll hits you but does no damage. x2
The gnoll hits you with a spear.
The gnoll hits you from afar with a halberd.
The gnoll sergeant hits you from afar with a trident.
The gnoll hits you from afar with a halberd!
You die...

..................$..
~
~~~~~~~....~~~~~~~~~~
~
~~~~~~....~~~~~~~~~~
~~~~~~....~~~~~~~~~~~
,
.....................
#####''''###########
#....####### , * ,,
+....'.....+ * , *
*#.)gg####### , * *
##'g## **


.ggggg, + + ...gggggg +, * .....gggg.., ,, , ........... * ####''##### , , +..+
, , ### You could see a gnoll sergeant, a gnoll shaman and 15 gnolls.

Table legend:
 A = Turns spent in this place as a percentage of turns spent in the entire game.
 B = Non-inter-level travel turns spent in this place as a percentage of non-inter-level travel turns spent in the entire game.
 C = Inter-level travel turns spent in this place as a percentage of turns spent in this place.
 D = Turns resting spent in this place as a percentage of non-inter-level travel turns spent in this place.
 E = Turns spent auto-exploring this place as a percentage of non-inter-level travel turns spent in this place.
 F = Non-inter-level travel turns spent in this place divided by the number of levels of this place that you've seen.
                   A       B       C       D       E      F
               +-------+-------+-------+-------+-------+----------------------
         Total | 100.0 | 100.0 |   0.7 |   0.0 |  11.2 | 310.0
       Dungeon | 100.0 | 100.0 |   0.7 |   0.0 |  11.2 | 310.0
               +-------+-------+-------+-------+-------+----------------------

Table legend:
 A = Kills in this place as a percentage of kills in entire the game.
 B = Kills by you in this place as a percentage of kills by you in the entire game.
 C = Kills by friends in this place as a percentage of kills by friends in the entire game.
 D = Other kills in this place as a percentage of other kills in the entire game.
 E = Experience gained in this place as a percentage of experience gained in the entire game.
 F = Experience gained in this place divided by the number of levels of this place that you have seen.
                   A       B       C       D       E      F
               +-------+-------+-------+-------+-------+----------------------
         Total | 100.0 | 100.0 |  -nan |  -nan | 100.0 |  79.3
       Dungeon | 100.0 | 100.0 |  -nan |  -nan | 100.0 |  79.3
               +-------+-------+-------+-------+-------+----------------------

Vanquished Creatures
  Jessica (D:2)
  5 gnolls (D:3)
  4 adders (D:2)
  A worm (D:2)
  3 giant cockroaches
  9 goblins
  7 hobgoblins
  9 jackals
  5 kobolds
  A ball python (D:2)
  8 bats
  6 rats
59 creatures vanquished.

Notes
Turn   | Place    | Note
--------------------------------------------------------------
     0 | D:1      | gw, the Deep Dwarf Gladiator, began the quest for the Orb.
     0 | D:1      | Reached XP level 1. HP: 19/19 MP: 1/1
   165 | D:1      | Reached XP level 2. HP: 26/26 MP: 2/2
   570 | D:1      | Reached skill level 1 in Armour
   628 | D:2      | Reached XP level 3. HP: 28/32 MP: 3/3
   751 | D:2      | Noticed Jessica
   759 | D:2      | Killed Jessica
   798 | D:2      | Reached skill level 4 in Maces & Flails
   801 | D:2      | Reached XP level 4. HP: 21/40 MP: 4/4
  1307 | D:3      | Reached XP level 5. HP: 36/49 MP: 5/5
  1358 | D:3      | HP: 1/49 [gnoll/halberd (8)]
  1374 | D:3      | Slain by a gnoll

Action                   |  1- 3 |  4- 6 || total
-------------------------+-------+-------++-------
Melee: Flail             |   115 |    76 ||   191
 Abil: Device Recharging |       |     4 ||     4
Evoke: Wand              |       |    16 ||    16
  Use: Potion            |     3 |     4 ||     7
       Scroll            |     2 |     3 ||     5
  Eat: Chunk             |       |     2 ||     2

Vault maps used:
D:1:      dpeg_arrival_renting, glass_columns_a
D:2:      grunt_decor_clamped, patterned_corridor, uniq_jessica
D:3:      lemuel_castle_with_subvaults, first_bread, ashenzari_altar_1,
          uniq_terence
